 Dungeon Crawl Stone Soup version 0.19.1-1-g22dce08 (webtiles) character file.

352 empire the Charmwright (level 6, -9/48 HPs)
             Began as a Draconian Skald on Jan 20, 2017.
             Was an Initiate of Sif Muna.
             Mangled by Pikel
             ... wielding a +0 whip of freezing
              (12 damage)
             ... on level 5 of the Dungeon.
             The game lasted 00:13:10 (4602 turns).

empire the Charmwright (Draconian Skald)            Turns: 4602, Time: 00:13:11

Health: -9/48      AC:  6    Str: 14    XL:     6   Next: 34%
Magic:  6/9        EV: 14    Int: 13    God:    Sif Muna [......]
Gold:   278        SH:  0    Dex: 16    Spells: 1 memorised, 8 levels left

rFire  . . .     SeeInvis .     a - +1 falchion
rCold  + . .     Gourm    .     (armour unavailable)
rNeg   . . .     Faith    .     (no shield)
rPois  .         Spirit   .     (helmet restricted)
rElec  .         Reflect  .     (no cloak)
rCorr  .         Harm     .     (no gloves)
MR     +....                    (no boots)
Stlth  +.........               (no amulet)
                                (no ring)
                                q - ring of Fifary {rC+ MR+ Dex+4}

@: drained
A: unfitting armour, cold-blooded, AC +6
a: Renounce Religion


You were on level 5 of the Dungeon.
You worshipped Sif Muna.
Sif Muna was noncommittal.
You were not hungry.

You visited 2 branches of the dungeon, and saw 6 of its levels.

You collected 278 gold pieces.

Inventory:

Hand Weapons
 a - a +1 falchion (weapon)
 b - the +2 spear of Naesiage {pierce, rC+ Str+3}
   (You found it on level 4 of the Dungeon)

   It inflicts extra damage upon your enemies.
   It affects your strength (+3).
   It protects you from cold.
 l - a cursed -1 hand axe
 p - a +2 dagger of draining
Armour
 e - the cursed +0 leather armour "Xikluugh" {rN++ Str-2 Slay+4, unknown}
   (You found it on level 4 of the Dungeon)

   It affects your strength (-2).
   It affects your accuracy and damage with ranged weapons and melee attacks
   (+4).
   It greatly protects you from negative energy.
   It has a curse placed upon it.
Jewellery
 q - the ring of Fifary (left hand) {rC+ MR+ Dex+4}
   (You found it on level 3 of the Dungeon)

   [ring of protection from magic]

   It affects your dexterity (+4).
   It protects you from cold.
   It affects your resistance to hostile enchantments.
Wands
 o - a wand of confusion (28/48)
Scrolls
 f - 4 scrolls of identify {unknown}
 j - 3 scrolls of teleportation {unknown}
 k - 2 scrolls of enchant armour {unknown}
 s - a scroll of random uselessness {unknown}
 u - a scroll of amnesia {unknown}
 x - 2 scrolls of recharging {unknown}
Potions
 w - a potion of magic
Books
 y - a book of Battle

   Spells                             Type                      Level
   a - Infusion                       Charms                       1
   b - Shroud of Golubria             Charms/Translocation         2
   c - Song of Slaying                Charms                       2
   d - Spectral Weapon                Hexes/Charms                 3
   e - Regeneration                   Charms/Necromancy            3
Comestibles
 c - 2 bread rations
 m - a slice of pizza
 n - 5 fruits
 t - 2 meat rations
 z - a beef jerky


   Skills:
 - Level 2.1(1.6) Fighting
 + Level 4.0(3.4) Long Blades
 - Level 4.0(3.5) Dodging
 - Level 2.0(1.4) Spellcasting
 - Level 4.1(3.5) Charms


You had 8 spell levels left.
You knew the following spells:

 Your Spells              Type           Power        Failure   Level  Hunger
a - Infusion              Chrm           ##..         10%         1    ##.....


Dungeon Overview and Level Annotations

Branches:
Dungeon (5/15)             Temple (1/1) D:4

Altars:
Ashenzari
Cheibriados
Dithmenos
Elyvilon
Fedhas
Hepliaklqana
Kikubaaqudgha
Makhleb
Nemelex Xobeh
Qazlal
Ru
Sif Muna
Trog
Uskayaw
Vehumet
Xom
Yredelemnul
Zin
The Shining One

Annotations:
D:4 Sigmund; dngmouse's ghost, amateur HEAE
D:5 Pikel


Innate Abilities, Weirdness & Mutations

Your plain brown scales are hard. (AC +6)
You cannot fit into any form of body armour.
You are cold-blooded and may be slowed by cold attacks.


Message History

Pikel is heavily wounded.
Pikel hits you with a whip of freezing.
* * * LOW HITPOINT WARNING * * *
Okay, then.
Okay, then.
As you read the scroll labeled YMOYR OMEK, it crumbles to dust.
The scroll dissolves into smoke.
It was a scroll of fog.
Pikel misses you.
As you read the scroll labeled UKOAN UTROUHOKK, it crumbles to dust.
You hear a loud clanging noise!
It was a scroll of noise.
Pikel completely misses you.
As you read the scroll labeled ADIENE YDOROEH, it crumbles to dust.
It is a scroll of enchant weapon.
Your +0 falchion glows red for a moment.
Pikel hits you but does no damage.
Found an escape hatch in the ceiling.
Your magical infusion is running out.
There is an escape hatch in the ceiling here.
You are no longer magically infusing your attacks.
Pikel hits you with a whip of freezing!
You die...

#### ..# #.# #
#.#####.####.#
........@....#
#.......K....#
######.####.#
#.# # #.#
#.##########.#
#.....§§§§§..#
##############


You could see Pikel.

Vanquished Creatures
  An orc priest (D:4)
  An orc wizard (D:3)
  2 bullfrog skeletons (D:4)
  A worker ant (D:4)
  Terence (D:3)
  Ijyb (D:3)
  The ghost of dscm the Sneak, a weakling OpWn (D:3)
  5 adders
  An ooze (D:1)
  4 dart slugs
  A leopard gecko (D:3)
  2 orcs (D:4)
  3 ball pythons
  4 giant cockroaches
  5 goblins
  11 hobgoblins
  13 jackals
  7 kobolds
  3 quokkas
  10 bats
  5 frilled lizards
  A leopard gecko skeleton (D:4)
  A quokka skeleton (D:4)
  9 rats
93 creatures vanquished.

Notes
Turn   | Place    | Note
-------+----------+-------------------------------------------
     0 | D:1      | empire the Draconian Skald began the quest for the Orb.
     0 | D:1      | Reached XP level 1. HP: 17/17 MP: 3/3
    49 | D:1      | Reached XP level 2. HP: 23/24 MP: 5/5
   238 | D:1      | You fall through a shaft!
   302 | D:2      | Reached XP level 3. HP: 19/29 MP: 6/6
  1464 | D:1      | Reached XP level 4. HP: 36/36 MP: 7/7
  1810 | D:3      | Found a radiant altar of Vehumet.
  1810 | D:3      | Found a blossoming altar of Fedhas.
  1826 | D:3      | Noticed Ijyb
  1841 | D:3      | Killed Ijyb
  2024 | D:3      | Noticed dscm's ghost (weakling OpWn)
  2140 | D:3      | Noticed Terence
  2192 | D:3      | Killed Terence
  2563 | D:3      | Reached XP level 5. HP: 41/41 MP: 8/8
  2816 | D:3      | Got a coiled granite ring
  2820 | D:3      | Identified the ring of Fifary {rC+ MR+ Dex+4} (You found it on level 3 of the Dungeon)
  2840 | D:3      | Killed dscm's ghost
  3391 | D:4      | Noticed dngmouse's ghost (amateur HEAE)
  3398 | D:4      | Got a jewelled spear
  3433 | D:3      | Identified the +2 spear of Naesiage {pierce, rC+ Str+3} (You found it on level 4 of the Dungeon)
  3668 | D:4      | Got a shimmering leather armour
  3826 | D:4      | Noticed Sigmund
  3890 | D:4      | Reached XP level 6. HP: 39/48 MP: 9/9
  3904 | D:4      | Found a staircase to the Ecumenical Temple.
  3921 | Temple   | Entered the Ecumenical Temple
  4007 | Temple   | Became a worshipper of Sif Muna the Loreminder
  4524 | D:4      | Noticed Pikel
  4524 | D:4      | Noticed a slave
  4524 | D:4      | Noticed a slave
  4524 | D:4      | Noticed a slave
  4524 | D:4      | Noticed a slave
  4582 | D:5      | Entered Level 5 of the Dungeon
  4587 | D:5      | HP: 1/48 [Pikel/whip of freezing (4)]
  4602 | D:5      | Mangled by Pikel

Skill      XL: |  1  2  3  4  5  6 |
---------------+-------------------+-----
Charms         | 3 4 |  4.1
Long Blades    | 3 4 |  4.0
Dodging        | 3 4 |  4.0
Fighting       | |  2.1
Spellcasting   | |  2.0

Action                   |  1- 3 |  4- 6 || total
-------------------------+-------+-------++-------
Melee: Falchion          |   124 |   236 ||   360
       Tailslap          |    13 |    35 ||    48
 Cast: Infusion          |       |    11 ||    11
  Use: Potion            |       |    11 ||    11
       Scroll            |       |     3 ||     3
 Stab: Sleeping          |     2 |       ||     2
  Eat: Chunk             |       |    12 ||    12
       Fruit             |       |     1 ||     1
Armor: Skin              |    57 |   139 ||   196
Dodge: Dodged            |    95 |   140 ||   235
       Rpst.: Falchion   |    32 |    38 ||    70
